 Dungeon Crawl Stone Soup version 0.31-a0-523-g071a6c1ffa (webtiles) character file.

Game seed: 9588335543778739769

9 IdlyInterested the Changeling (level 2, -4/31 HPs)
             Began as a Demonspawn Shapeshifter on Aug 11, 2023.
             Succumbed to a goblin's poison
             ... on level 1 of the Dungeon.
             The game lasted 00:01:26 (375 turns).

IdlyInterested the Changeling (DsSh)                 Turns: 375, Time: 00:01:26

Health: -4/31      AC: 21    Str: 15    XL:     2   Next: 6%
Magic:  2/2        EV:  2    Int:  9    God:
Gold:   17         SH:  0    Dex: 13    Spells: 1/1 levels left

rFire   . .          .
                       - Unarmed
rCold   . . .        (no shield)
rNeg    . . .        a - melded +0 animal skin
rPois   +            (helmet currently unavailable)
rElec   .            (cloak currently unavailable)
rCorr   .            (gloves currently unavailable)
SInv    .            (boots currently unavailable)
Will    .....        (no amulet)
Stlth   +            (no ring)
HPRegen 0.25/turn    (no ring)
MPRegen 0.08/turn

%: no passive effects
@: lethally poisoned (-4 -> -29), tree-form
A: stationary, stasis, torment immunity, boosted hp, repulsion field 1
a: no special abilities


You were on level 1 of the Dungeon.
You were a tree.
You visited 1 branch of the dungeon, and saw 2 of its levels.

You collected 17 gold pieces.

Inventory:

Hand Weapons
 g - a +0 dagger
 h - a +0 trident
Armour
 a - a +0 animal skin (melded)
Talismans
 c - a beast talisman
 d - a flux talisman
Scrolls
 e - a scroll of torment {unknown}
 f - a scroll of enchant armour {unknown}


   Skills:
 - Level 1.0 Fighting
 - Level 2.0 Dodging
 + Level 2.8 Unarmed Combat
 * Level 2.9 Shapeshifting


You had one spell level left.
You didn't know any spells.
Your spell library was empty.

Dungeon Overview and Level Annotations

Branches:
Dungeon (2/15)

Altars:


Innate Abilities, Weirdness & Mutations

You are a tree.
Your roots penetrate the ground, keeping you stationary.
You cannot be teleported.
You are immune to unholy pain and torment.
Your maximum health is greatly increased.
Your equipment is partially melded.
You are surrounded by a mild repulsion field. (EV +2)


Message History

You punch the frilled lizard!
You kill the frilled lizard!
You see here a frilled lizard corpse.
You now have 17 gold pieces (gained 8).
You see here a frilled lizard corpse.
A goblin comes into view. It is wielding a +0 dagger.
Found a scale mail.
The goblin shouts!
You hear a shout! x2
You hit the goblin.
You kill the goblin!
You see here a +0 dagger.
A goblin comes into view. It is wielding a +1 dagger of venom.
The goblin hits you with a +1 dagger of venom.
You are poisoned.
You hit the goblin.
The goblin is severely wounded.
You feel very sick.
The goblin hits you with a +1 dagger of venom.
You are lethally poisoned!
You hit the goblin but do no damage.
The goblin is heavily wounded.
You feel very sick.
The goblin hits you with a +1 dagger of venom.
You are more poisoned.
You hit the goblin but do no damage.
The goblin is heavily wounded.
* * * LOW HITPOINT WARNING * * *
You feel very sick. The goblin misses you.
Your transformation has ended.
You turn into a tree.
Your +0 animal skin melds into your body.
Your roots penetrate the ground.
* * * LOW HITPOINT WARNING * * *
You feel very sick. The goblin hits you but does no damage.
You are more poisoned.
You smack the goblin!
You kill the goblin!
You die...

# #.##..# ##.##..###
#........# # #..##..#.#
## ## #..##..#.# ..# .##
#..##..#.# ...# ..##
#......#.# ....#
...###....###)####......
...+.....†......♣)......
...###....###.####.[....
..## #........# ##..#
.## ###.###### # ## #.#
# #.# #.# ..# ###


There were no monsters in sight!

Vanquished Creatures
  An endoplasm (D:1)
  A hobgoblin (D:1)
  A quokka (D:1)
  2 ball pythons (D:1)
  A bat (D:1)
  A frilled lizard (D:1)
  3 goblins (D:1)
  2 rats (D:1)
12 creatures vanquished.

Notes
Turn   | Place    | Note
-------+----------+-------------------------------------------
     0 | D:1      | IdlyInterested the Demonspawn Shapeshifter began the quest
                  | for the Orb.
     0 | D:1      | Reached XP level 1. HP: 15/15 MP: 1/1
   299 | D:1      | Gained mutation: You are surrounded by a mild repulsion
                  | field. (EV +2) [demonic ancestry]
   299 | D:1      | Reached XP level 2. HP: 21/21 MP: 2/2
   306 | D:1      | You fall into a shaft and drop 1 floor!
   375 | D:1      | Succumbed to a goblin's poison

Illustrated notes

Levels and vault maps discovered:
D:1:      dpeg_arrival_refuge, layout_loops_corners, dreamdust_wishing_well,
          feat_on_display
D:2:      layout_basic, basic_altar, shapermc_ecumenical_altar_mp_vishouse

Skill      XL: |  1 |
---------------+----+-----
Dodging        | 2 |  2.0
Fighting       | |  1.0
Unarmed Combat | |  2.8
Shapeshifting  | |  2.9

Action                     || total
---------------------------++-------
  Melee: Unarmed           ||    27
    Use: Potion            ||     1
 Armour: Animal skin       ||     6
         Skin              ||     1
  Dodge: Dodged            ||    20

Table legend: (Time is in decaauts)
 A = Elapsed time spent in this place.
 B = Non-inter-level travel time spent in this place.
 C = Inter-level travel time spent in this place.
 D = Time resting spent in this place.
 E = Time spent auto-exploring this place.
 F = Levels seen in this place.
 G = Mean time per level.
                   A        B        C        D        E       F      G
               +--------+--------+--------+--------+--------+-----+--------+
         Total |    374 |    374 |      0 |     25 |    251 |   2 |  187.0 |
       Dungeon |    374 |    374 |      0 |     25 |    251 |   2 |  187.0 |
               +--------+--------+--------+--------+--------+-----+--------+

Top non-repeatable levels by time:
     D:1: 364 daAuts
     D:2: 9 daAuts
